 Dungeon Crawl Stone Soup version 0.31-a0-237-g2d982f9f85 (webtiles) character file.

Game seed: 7405130726634311984

365 qw the Shooter (level 6, -2/51 HPs)
             Began as a Minotaur Hexslinger on July 11, 2023.
             Was an Initiate of Okawaru.
             Slain by an orc
             ... wielding a +0 hand axe
              (4 damage)
             ... on level 4 of the Dungeon.
             The game lasted 00:01:00 (2158 turns).

qw the Shooter (Minotaur Hexslinger)                Turns: 2158, Time: 00:01:01

Health: -2/51      AC:  7    Str: 13    XL:     6   Next: 40%
Magic:  4/6        EV: 13    Int: 10    God:    Okawaru [......]
Gold:   173        SH:  0    Dex: 14    Spells: 6/7 levels left

rFire   . . .        Y - +2 sling
rCold   . . .        (no shield)
rNeg    . . .        d - +0 ring mail
rPois   .            (helmet restricted)
rElec   .            (no cloak)
rCorr   .            (no gloves)
SInv    .            e - +0 pair of boots
Will    .....        b - amulet of regeneration
Stlth   +            (no ring)
HPRegen 1.08/turn    (no ring)
MPRegen 0.10/turn

%: no passive effects
@: confused, lethally poisoned (-2 -> -3), heroic
A: horns 2, retaliatory headbutt
a: Renounce Religion


You were on level 4 of the Dungeon.
You worshipped Okawaru.
Okawaru was noncommittal.
You visited 1 branch of the dungeon, and saw 4 of its levels.

You collected 173 gold pieces.


Innate Abilities, Weirdness & Mutations

You have a pair of horns on your head.
You reflexively headbutt those who attack you in melee.


   Skills:
 + Level 3.5(8.5) Fighting
 - Level 6.4(11.4) Ranged Weapons
 - Level 1.0(6.0) Armour
 - Level 2.1(7.1) Dodging
 - Level 1.0 Spellcasting
 - Level 2.0 Hexes
 - Level 1.2 Invocations


You had 6 spell levels left.
You knew the following spells:

 Your Spells              Type           Power      Damage    Failure   Level
a - Slow                  Hex            16%        N/A       30%         1

Your spell library contained the following spells:

 Spells                   Type           Power      Damage    Failure   Level
 Inner Flame              Hex/Fire       2%         N/A       80%         3
 Portal Projectile        Hex/Tloc       4%         N/A       80%         3
 Cause Fear               Hex            2%         N/A       96%         4

Inventory:

Hand Weapons
 Y - a +2 sling (weapon)
Armour
 d - a +0 ring mail (worn)
 e - a +0 pair of boots (worn)
 i - a +1 cloak
 j - a +0 leather armour of willpower
Jewellery
 b - an amulet of regeneration (around neck)
Potions
 a - a potion of enlightenment {unknown}
 c - a potion of mutation {unknown}
 f - a potion of invisibility {unknown}
 g - a potion of curing {unknown}
 h - a potion of magic {unknown}

Dungeon Overview and Level Annotations

Branches:
Dungeon (4/15)
 Temple: D:4-7

Altars:
Okawaru

Annotations:
D:2 1 runed translucent door, Crazy Yiuf


Message History

You hear some strange, mumbled words.
Something tries to affect you, but you resist.
The orc hits you but does no damage. The scorpion barely misses you.
You shoot a sling bullet.
The sling bullet barely misses the scorpion.
You feel sick.
The giant cockroach bites you but does no damage.
The scorpion closely misses you. Something hits you but does no damage.
The orc hits you but does no damage.
You shoot a sling bullet.
The sling bullet hits the scorpion but does no damage.
You feel sick. The giant cockroach closely misses you.
The scorpion closely misses you. Something hits you.
The orc hits you with a +0 hand axe.
You shoot a sling bullet.
The sling bullet closely misses the scorpion.
You feel sick. The giant cockroach closely misses you. The scorpion stings you.
You are more poisoned.
The scorpion poisons you!
You hear some strange, mumbled words.
You are confused.
The orc closely misses you.
The scorpion stings you but does no damage.
The giant cockroach bites you but does no damage.
You feel very sick. Something hits you. The orc hits you but does no damage.
The scorpion closely misses you.
The giant cockroach bites you but does no damage.
You feel very sick.
You hear some strange, mumbled words.
A puff of flame appears from out of thin air!
The puff of flame hits you. The orc hits you but does no damage.
The giant cockroach closely misses you.
The scorpion stings you but does no damage.
You feel sick. The giant cockroach barely misses you.
The scorpion stings you but does no damage.
Something hits you but does no damage. The orc hits you with a +0 hand axe.
You feel sick. The giant cockroach barely misses you. The scorpion stings you.
Something hits you. The orc hits you with a +0 hand axe.
You die...

#####...##..##........#.
#........#..#...........
#....................#
#..........#.........#
#......###...........#
#......# #..........##
#......# #)##.####.##
#....B.# #.##..# #.#
#...)@.# #.###.###.##
#...s{o# #..##......##
#....?.# ##?#........#
####.### #........... ..
##.......... ...
#.......... ...
#.......... ....
#...%...... ##........#


You could see a scorpion, an orc and a giant cockroach.

Vanquished Creatures
  A phantom (D:4)
  A scorpion (D:4)
  A hound (D:4)
  An orc priest (D:4)
  A jelly (D:4)
  Jessica (D:3)
  3 adders
  A white imp (D:3)
  4 dart slugs
  6 orcs (D:4)
  8 bats
  10 endoplasms
  4 giant cockroaches
  6 goblins
  8 hobgoblins
  2 jackals (D:1)
  2 quokkas
  4 frilled lizards
  6 kobolds
  A rat (D:2)
71 creatures vanquished.

Notes
Turn   | Place    | Note
-------+----------+-------------------------------------------
     0 | D:1      | qw the Minotaur Hexslinger began the quest for the Orb.
     0 | D:1      | Reached XP level 1. HP: 16/16 MP: 1/1
     0 | D:1      | 0 ||| qw: Version: 0.3-a-52-g30416fa
     0 | D:1      | 0 ||| qw: Game counter: 5575
     0 | D:1      | 0 ||| qw: Melee chars always use a shield: true
     0 | D:1      | 0 ||| qw: God list: Okawaru
     0 | D:1      | 0 ||| qw: Allow faded altars: false
     0 | D:1      | 0 ||| qw: Do Orc after clearing Dungeon:15 true
     0 | D:1      | 0 ||| qw: Do second Lair branch before Depths: true
     0 | D:1      | 0 ||| qw: Lair rune preference: random
     0 | D:1      | 0 ||| qw: Goals: Normal
     0 | D:1      | 0 ||| PLANNING D:1-11
   226 | D:1      | Reached skill level 3 in Ranged Weapons
   226 | D:1      | Reached XP level 2. HP: 23/23 MP: 2/2
   714 | D:1      | Found a faded altar of an unknown god.
   725 | D:1      | 725 ||| UPGRADING to +0 ring mail.
   735 | D:1      | 735 ||| DROPPING +0 robe.
   736 | D:1      | 736 ||| UPGRADING to +0 pair of boots.
   741 | D:1      | 741 ||| READING scroll labelled PEGAVV ADI IDGH.
   742 | D:1      | 742 ||| DROPPING scroll of poison.
   852 | D:2      | Reached XP level 3. HP: 29/29 MP: 3/3
   978 | D:2      | Found a runed translucent door.
   981 | D:2      | Noticed Crazy Yiuf
  1034 | D:2      | Reached skill level 4 in Ranged Weapons
  1250 | D:2      | 1250 ||| FLEEEEING.
  1251 | D:2      | 1251 ||| FLEEEEING.
  1252 | D:2      | 1252 ||| FLEEEEING.
  1253 | D:2      | 1253 ||| FLEEEEING.
  1289 | D:2      | 1289 ||| READING scroll labelled MIDANITIPS.
  1290 | D:2      | 1290 ||| READING scroll labelled CIANNEMM AGHO.
  1359 | D:3      | Reached skill level 1 in Armour
  1406 | D:3      | 1406 ||| FLEEEEING.
  1585 | D:3      | Found an iron altar of Okawaru.
  1586 | D:3      | 1586 ||| PLANNING OKAWARU WORSHIP
  1586 | D:3      | 1586 ||| UPGRADING to amulet of regeneration.
  1591 | D:3      | 1591 ||| READING scroll labelled CYOBLYTOMP.
  1595 | D:3      | Became a worshipper of Warmaster Okawaru
  1596 | D:3      | 1596 ||| PLANNING D:1-11
  1654 | D:3      | Noticed Jessica
  1659 | D:3      | Killed Jessica
  1660 | D:3      | Reached XP level 4. HP: 36/36 MP: 4/4
  1812 | D:3      | Reached skill level 5 in Ranged Weapons
  1907 | D:3      | 1907 ||| DROPPING +6 ring of intelligence.
  1927 | D:4      | Reached skill level 3 in Fighting
  1927 | D:4      | Reached XP level 5. HP: 45/45 MP: 5/5
  1994 | D:4      | 1994 ||| Stepping ~*~*~tactically~*~*~ (outnumbered).
  2077 | D:4      | Noticed a phantom
  2083 | D:4      | Killed a phantom
  2083 | D:4      | Reached * piety under Okawaru
  2084 | D:4      | Reached skill level 6 in Ranged Weapons
  2084 | D:4      | Reached XP level 6. HP: 47/51 MP: 6/6
  2093 | D:4      | Reached skill level 1 in Invocations
  2136 | D:4      | 2136 ||| INVOKING Heroism.
  2151 | D:4      | 2151 ||| INVOKING Heroism.
  2156 | D:4      | HP: 11/51 [something/puff of flame (4)]
  2158 | D:4      | HP: 3/51 [scorpion (5)]
  2158 | D:4      | Slain by an orc

Levels and vault maps discovered:
D:1:      sevenhm_arrival_forest_fort_small_5, layout_basic,
          ebering_ecumenical_altar_sacrificial
D:2:      layout_rooms, grunt_decor_cap, uniq_crazy_yiuf_cottage
D:3:      layout_basic, marbit_many_paths, uniq_jessica
D:4:      layout_rooms

Skill      XL: |  1  2  3  4  5  6 |
---------------+-------------------+-----
Ranged Weapons | 3 4 5 6 |  6.4
Fighting       | 2 3 |  3.5
Armour         | 1 |  1.0
Invocations    | 1 |  1.2
Dodging        | |  2.1
Spellcasting   | |  1.0
Hexes          | |  2.0

Action                     |  1- 3 |  4- 6 || total
---------------------------+-------+-------++-------
   Fire: Sling             |   126 |   100 ||   226
 Invoke: Heroism           |       |     2 ||     2
    Use: Scroll            |     4 |       ||     4
 Armour: Robe              |     9 |       ||     9
         Ring mail         |    18 |    25 ||    43
  Dodge: Dodged            |    61 |    27 ||    88

Table legend:
 A = Non-vault XP
 B = Vault XP
 C = Vault XP percentage of total XP
 D = Non-vault monster count
 E = Vault monster count
 F = Vault count percentage of total count
                 A         B        C        D         E       F
            +---------+---------+-------+---------+---------+-------
      Total |     483 |      39 |   7.5 |      69 |       2 |   2.8
            +---------+---------+-------+---------+---------+-------
        D:1 |      34 |       0 |   0.0 |      17 |       0 |   0.0
        D:2 |      35 |       0 |   0.0 |      15 |       0 |   0.0
        D:3 |      59 |      39 |  39.8 |      21 |       2 |   8.7
        D:4 |     355 |       0 |   0.0 |      16 |       0 |   0.0
            +---------+---------+-------+---------+---------+-------
